 Dungeon Crawl Stone Soup version 0.25.1-2-g60ff931df9 (webtiles) character file.

Game seed: 10777415427506582693

2111 hawla the Carver (level 9, -6/78 HPs)
             Began as a Minotaur Fighter on Oct 25, 2020.
             Was an Initiate of Gozag.
             Mangled by Harold
             ... wielding a +0 halberd
              (26 damage)
             ... on level 7 of the Dungeon.
             The game lasted 00:18:34 (6749 turns).

hawla the Carver (Minotaur Fighter)                 Turns: 6749, Time: 00:18:35

Health: -6/78      AC: 13    Str: 23    XL:     9   Next: 8%
Magic:  8/8        EV: 17    Int:  5    God:    Gozag
Gold:   181        SH:  0    Dex: 11    Spells: 8/8 levels left

rFire    . . .     SeeInvis .   a - +1 long sword
rCold    + . .     Gourm    .   (no shield)
rNeg     . . .     Faith    .   p - +0 scale mail
rPois    +         Spirit   .   (helmet restricted)
rElec    +         Reflect  .   m - +0 cloak
rCorr    .         Harm     .   D - +3 pair of gloves of the Valley {rElec rPois rC+ MR-}
MR       .....                  (no boots)
Stlth    +.........             v - amulet of regeneration
HPRegen  0.63/turn              y - +4 ring of evasion
MPRegen  0.11/turn              g - ring of protection from magic

@: marked, gold aura, hasted, very quick
A: retaliatory headbutt, horns 2
a: Potion Petition, Call Merchant, Bribe Branch, Renounce Religion


You were on level 7 of the Dungeon.
You worshipped Gozag.
Gozag was aware of your devotion.
You were hungry.

You visited 1 branch of the dungeon, and saw 7 of its levels.

You collected 555 gold pieces.
You spent 274 gold pieces at shops.
You paid 100 gold pieces to Gozag.

Inventory:

Hand Weapons
 a - a +1 long sword (weapon)
 q - a +0 dagger of electrocution
Missiles
 w - 15 poisoned darts (quivered)
Armour
 c - a +0 chain mail
 d - a +0 ring mail of fire resistance
 m - a +0 cloak (worn)
 o - a +0 plate armour
 p - a +0 scale mail (worn)
 D - the +3 pair of gloves of the Valley (worn) {rElec rPois rC+ MR-}
   (You found it on level 5 of the Dungeon)

   It protects you from cold.
   It insulates you from electricity.
   It protects you from poison.
   It affects your resistance to hostile enchantments.
Jewellery
 b - an uncursed ring of protection from fire
 g - a ring of protection from magic (right hand)
 l - an uncursed ring of stealth
 v - an amulet of regeneration (around neck)
 y - a +4 ring of evasion (left hand)
 B - an uncursed ring of flight
Wands
 n - a wand of random effects (18)
 t - a wand of flame (20)
 C - a wand of clouds (2)
Scrolls
 e - a scroll of magic mapping
 i - 5 scrolls of remove curse
 j - a scroll of fear
 k - a scroll of blinking {unknown}
 x - 5 scrolls of identify
 A - a scroll of enchant armour {unknown}
Potions
 h - 2 potions of mutation
 r - a potion of stabbing
 s - a potion of magic
Comestibles
 f - 15 rations


   Skills:
 + Level 6.4 Fighting
 + Level 2.3(5.3) Short Blades
 + Level 8.2(8.4) Long Blades
 + Level 1.0 Throwing
 + Level 5.8 Armour
 * Level 6.5 Dodging
 + Level 3.8 Stealth
   Level 3.6 Shields


You had 8 spell levels left.
You didn't know any spells.
Your spell library was empty.

Dungeon Overview and Level Annotations

Branches:
Dungeon (7/15)
 Temple: D:4-7

Altars:
Elyvilon
Fedhas
Gozag
Hepliaklqana
Makhleb
Nemelex Xobeh
Okawaru
Qazlal
Ru
Uskayaw
Vehumet
Wu Jian
Yredelemnul
The Shining One

Shops:
D:6 ([%

Annotations:
D:6 3 runed translucent doors, axecop's ghost, novice CeAK
D:7 Harold


Innate Abilities, Weirdness & Mutations

You reflexively headbutt those who attack you in melee.
You have a pair of horns on your head.


Message History

Harold hits you with a +0 halberd!!
You hit Harold but do no damage. Your headbutt misses Harold.
Harold is moderately wounded.
You feel yourself speed up. Harold hits you with a +0 halberd!
* * * LOW HITPOINT WARNING * * *
You hit Harold. You headbutt Harold!
Harold is heavily wounded.
Harold closely misses you. You furiously retaliate!
You headbutt Harold. You hit Harold.
Harold is heavily wounded.
You closely miss Harold.
Harold is heavily wounded.
Harold says happily, "The price on your head will fill my nest egg nicely!"
Harold casts a spell at you. The mark upon you grows brighter.
You hit Harold but do no damage.
Harold is heavily wounded.
Harold hits you with a +0 halberd!!
You die...
Your body crumbles into a pile of gold.

.# #.......########........#
## ##......##....##.......#
#
..'.......##....####'######
#
###'....<.......#.........#
# ..#............#.........#
#
...#......##....##...(....#
#
...##......##....##.......##
... #########....##.......##
#@.............#
......$@............<#
.....................#
.....##....##...##..## ##
..... #....##### #### .##
#### #..... ..# .(....# ..#
......# ..#


You could see Harold (strong).

Vanquished Creatures
  A hippogriff (D:7)
  2 sky beasts
  A black bear (D:7)
  A phantom (D:7)
  4 ogres
  An ice beast (D:7)
  A big kobold (D:7)
  2 bullfrogs (D:6)
  A scorpion (D:6)
  3 killer bees (D:7)
  3 wights (D:6)
  A hound (D:4)
  A jelly (D:7)
  An orc priest (D:3)
  An orc wizard (D:3)
  2 bullfrog skeletons
  4 iguanas
  4 worker ants
  A hound skeleton (D:7)
  A worker ant zombie (D:5)
  8 adders
  7 gnolls
  An ooze (D:4)
  2 adder skeletons
  3 worms
  2 dart slugs
  2 leopard geckos
  7 orcs
  6 bats
  3 giant cockroaches
  7 goblins
  5 hobgoblins
  4 jackals (D:5)
  14 kobolds
  A ball python skeleton (D:4)
  5 frilled lizards
  A jackal skeleton (D:4)
  A leopard gecko zombie (D:6)
  2 quokka skeletons
  11 rats
128 creatures vanquished.

Notes
Turn   | Place    | Note
-------+----------+-------------------------------------------
     0 | D:1      | hawla the Minotaur Fighter began the quest for the Orb.
     0 | D:1      | Reached XP level 1. HP: 19/19 MP: 0/0
   283 | D:1      | Reached skill level 1 in Dodging
   311 | D:1      | Reached XP level 2. HP: 27/27 MP: 1/1
  1010 | D:2      | Reached XP level 3. HP: 26/33 MP: 2/2
  1350 | D:2      | Found an iron altar of Okawaru.
  1350 | D:2      | Found a hide-covered altar of Uskayaw.
  1350 | D:2      | Found a white marble altar of Elyvilon.
  2252 | D:2      | Reached skill level 3 in Long Blades
  2426 | D:3      | Reached XP level 4. HP: 37/41 MP: 3/3
  2441 | D:3      | HP: 1/41 [orc priest/divine providence (16)]
  3118 | D:3      | Reached XP level 5. HP: 47/47 MP: 4/4
  3126 | D:3      | Found an ornate altar of the Wu Jian Council.
  3185 | D:3      | Found a basalt altar of Yredelemnul.
  3216 | D:3      | Reached skill level 1 in Stealth
  3561 | D:4      | Reached skill level 4 in Long Blades
  3619 | D:4      | Noticed an ogre
  3642 | D:4      | Killed an ogre
  3642 | D:4      | Reached skill level 1 in Short Blades
  3642 | D:4      | Reached XP level 6. HP: 32/55 MP: 5/5
  3936 | D:4      | Found a radiant altar of Vehumet.
  3948 | D:4      | Reached skill level 5 in Fighting
  3948 | D:4      | Reached skill level 5 in Long Blades
  4017 | D:4      | Reached XP level 7. HP: 30/61 MP: 6/6
  4214 | D:4      | Found an iron altar of Okawaru.
  4325 | D:5      | Entered Level 5 of the Dungeon
  4785 | D:5      | Reached skill level 6 in Long Blades
  4898 | D:5      | Reached skill level 5 in Dodging
  5047 | D:5      | Got a pair of spiked gloves
  5058 | D:5      | Identified the +3 pair of gloves of the Valley {rElec rPois
                  | rC+ MR-} (You found it on level 5 of the Dungeon)
  5448 | D:6      | Reached XP level 8. HP: 68/69 MP: 7/7
  5495 | D:6      | Noticed axecop's ghost (novice CeAK)
  5499 | D:6      | Noticed a two-headed ogre
  5583 | D:6      | Found a stormy altar of Qazlal.
  5583 | D:6      | Found an opulent altar of Gozag.
  5586 | D:6      | Found a sacrificial altar of Ru.
  5592 | D:6      | Became a worshipper of Gozag Ym Sagoz the Greedy
  5615 | D:6      | Found Koif's Food Boutique.
  5623 | D:6      | Bought a ration for 55 gold pieces
  5623 | D:6      | Bought a ration for 55 gold pieces
  5623 | D:6      | Bought a ration for 55 gold pieces
  5623 | D:6      | Bought a ration for 55 gold pieces
  5691 | D:6      | Found a runed translucent gate.
  5691 | D:6      | Found a runed translucent gate.
  5691 | D:6      | Found a runed translucent gate.
  5702 | D:6      | Found a burning altar of Makhleb.
  5722 | D:6      | Found Fuythrec's Antique Weapon Shop.
  5831 | D:6      | Reached skill level 1 in Throwing
  6002 | D:6      | Found Meinuodo's Armour Boutique.
  6010 | D:6      | Bought a +0 cloak for 54 gold pieces
  6267 | D:7      | Reached skill level 7 in Long Blades
  6391 | D:7      | Reached skill level 5 in Armour
  6420 | D:7      | Found a hazy altar of Hepliaklqana.
  6443 | D:7      | Found a sparkling altar of Nemelex Xobeh.
  6504 | D:7      | Found a glowing golden altar of the Shining One.
  6543 | D:7      | Found a burning altar of Makhleb.
  6547 | D:7      | Found a blossoming altar of Fedhas.
  6590 | D:7      | Noticed a hippogriff
  6601 | D:7      | Killed a hippogriff
  6601 | D:7      | Reached skill level 8 in Long Blades
  6601 | D:7      | Reached XP level 9. HP: 61/77 MP: 8/8
  6729 | D:7      | Noticed Harold
  6749 | D:7      | Mangled by Harold

Illustrated notes

Levels and vault maps discovered:
D:1:      wander_arrival_lonely_grave, layout_loops_ring
D:2:      layout_loops_ring, gammafunk_temple_overflow_forgotten,
          minmay_randomly_rotated_circles
D:3:      layout_rooms, yredelemnul_altar_generic, lemuel_round_altar,
          chequers_serial_rivers_small_a, hangedman_decor_push
D:4:      layout_rooms, vehumet_altar_wand_db, first_ration,
          okawaru_ov_weapons_minmay
D:5:      layout_cave_pods
D:6:      layout_loops_ring, grunt_temple_overflow_open, gammafunk_ghost_split,
          serial_shops, nicolae_shop_competitors_out_of_business, shop,
          nicolae_shop_waterfront, supply_closet_lemuel, bloody_makhleb
D:7:      layout_gridville, tso_metal_star, minitemple,
          nemelex_xobeh_ov_fountains_minmay,
          minmay_temple_entry_statues_pillars, the_bakery, uniq_harold

Skill      XL: |  1  2  3  4  5  6  7  8 |
---------------+-------------------------+-----
Dodging        | 1 2 3 4 5 6 |  6.5
Fighting       | 4 5 6 |  6.4
Long Blades    | 3 4 5 6 8 |  8.2
Stealth        | 1 2 3 |  3.8
Short Blades   | 1 2 |  2.3
Armour         | 4 5 |  5.8
Throwing       | 1 |  1.0
Shields        | |  3.6

Action                   |  1- 3 |  4- 6 |  7- 9 || total
-------------------------+-------+-------+-------++-------
Melee: Long sword        |    66 |    71 |   170 ||   307
       Headbutt          |     7 |    20 |    50 ||    77
       Dagger            |       |    27 |       ||    27
Throw: Dart              |       |       |     8 ||     8
  Use: Scroll            |     7 |     3 |     3 ||    13
       Potion            |       |     5 |     3 ||     8
 Stab: Sleeping          |     1 |     6 |     2 ||     9
  Eat: Chunk             |     2 |     4 |     5 ||    11
       Ration            |     1 |       |     1 ||     2
Armor: Robe              |     1 |    13 |     2 ||    16
       Ring mail         |       |       |    21 ||    21
       Leather armour    |       |       |    10 ||    10
       Scale mail        |       |       |    25 ||    25
Dodge: Dodged            |    48 |    72 |   150 ||   270
       Rpst.: Long sword |     8 |    16 |    41 ||    65
